AoeStats
← a.l.a.n.t

Arena

504292079Analyzed
2v2 RM · 28d ago on Sep 4, 2026· 53m 16s· 4 players
Game mode
Random Map
Map size
Medium (4 player)
Population
200
Speed
Normal
Resources
Standard
Victory
Conquest
Starting age
Dark Age
Ending age
Imperial Age
RankedLock teamsTeams togetherTeam positionsShared explorationLock speedFull tech treeHidden civsTurbo modeCheats
Victory
Defeat
🇫🇷 Mongols · France
1117
+19
🇫🇷 Vikings · France
1098
+20
🇬🇧 Koreans · United Kingdom
1215
-21
🇮🇶 Berbers · Iraq
1146
-18
drakilouxD
10:16 Feudal Age
15:30 Castle Age
13:50 Double-Bit Axe
15:14 Horse Collar
17:07 Bow Saw
21:33 Heavy Plow
21:43 Gold Mining
22:38 Stone Mining
23:40 Forging
23:32 Scale Mail Armor
24:46 Gold Shaft Mining
26:45 Elite Skirmisher
28:29 Fletching
28:39 Padded Archer Armor
30:13 Ballistics
37:54 Chieftains
39:12 Squires
38:33 Pikeman
41:44 Imperial Age
40:32 Bodkin Arrow
40:53 Leather Archer Armor
40:27 Arson
42:07 Capped Ram
43:49 Chemistry
42:56 Siege Engineers
44:23 Elite Berserk
48:16 Bracer
48:46 Ring Archer Armor
52:10 Siege Ram
ITSZERKIIN
7:03 Loom
9:11 Feudal Age
10:33 Double-Bit Axe
15:34 Castle Age
14:16 Double-Bit Axe
14:29 Horse Collar
18:01 Bow Saw
20:51 Heavy Plow
22:36 Stone Mining
24:56 Wheelbarrow
24:58 Gold Mining
25:28 Fletching
27:17 Stone Shaft Mining
27:45 Gold Shaft Mining
29:14 Town Watch
29:54 Hand Cart
32:55 Imperial Age
30:29 Padded Archer Armor
31:52 Bodkin Arrow
32:12 Leather Archer Armor
32:10 Bloodlines
32:00 Husbandry
32:08 Thumb Ring
33:01 Ballistics
32:36 Murder Holes
33:31 Capped Ram
33:33 Elite Mangudai
34:55 Conscription
35:03 Bracer
35:24 Drill
34:51 Onager
36:08 Siege Onager
36:58 Town Patrol
39:26 Chemistry
38:32 Siege Engineers
41:13 Siege Ram
46:26 Caravan
a.l.a.n.t
10:56 Feudal Age
14:41 Castle Age
12:51 Double-Bit Axe
14:00 Fletching
14:50 Horse Collar
18:28 Bodkin Arrow
21:07 Bow Saw
25:28 Loom
26:22 Wheelbarrow
32:04 Imperial Age
30:42 Ballistics
31:29 Eupseong
34:02 Murder Holes
35:11 Bracer
36:21 Elite War Wagon
38:05 Chemistry
38:18 Scale Mail Armor
39:55 Elite Fire Lancer
40:36 Squires
40:22 Gambesons
40:57 Chain Mail Armor
40:52 Forging
41:52 Conscription
43:22 Plate Mail Armor
43:28 Iron Casting
42:24 Capped Ram
47:16 Siege Engineers
48:48 Elite Genitour
aryaszahir958
9:31 Feudal Age
10:09 Double-Bit Axe
11:11 Horse Collar
18:44 Castle Age
18:44 Stone Mining
21:52 Gold Mining
23:29 Loom
24:28 Wheelbarrow
24:30 Fletching
24:40 Padded Archer Armor
28:13 Stone Shaft Mining
27:59 Heavy Plow
32:38 Imperial Age
31:43 Gold Shaft Mining
31:00 Loom
31:55 Bodkin Arrow
32:15 Leather Archer Armor
34:27 Chemistry
33:31 Bracer
33:38 Elite Camel Archer
33:52 Elite Genitour
35:09 Ring Archer Armor
35:52 Bloodlines
35:42 Husbandry
36:45 Treadmill Crane
37:26 Ballistics
36:31 Heavy Camel Rider
42:10 Light Cavalry
43:49 Hussar
Connection lost

Rejoining the realm…

Still unreachable

The connection could not be restored.

Session expired

The server has moved on; the page needs a fresh start.